 Dungeon Crawl Stone Soup version bcrawl-1.27.6 (webtiles) character file.

Game seed: 559011381054236800

186562 DogServant the Skirmisher (level 4, -2/36 HPs)
             Began as a Demonspawn Fighter on Oct 7, 2020.
             Slain by a worm (5 damage)
             ... on level 2 of the Dungeon.
             The game lasted 00:02:20 (962 turns).

DogServant the Skirmisher (Demonspawn Fighter)       Turns: 962, Time: 00:02:21

Health: -2/36      AC:  6    Str: 16    XL:     4   Next: 22%
Magic:  4/4        EV:  5    Int:  9    God:
Gold:   157        SH:  9    Dex: 14    Spells: 3/3 levels left

rFire    . . .     SeeInvis .   a - +0 long sword
rCold    . . .     Gourm    .   c - +0 medium shield
rNeg     . . .     Faith    .   b - +0 scale mail
rPois    .         Spirit   .   (no helmet)
rElec    .         Reflect  .   (no cloak)
rCorr    .         Harm     .   (no gloves)
MR       .....                  (no boots)
Stlth    ..........             (no amulet)
HPRegen  0.12/turn              (no ring)
MPRegen  0.09/turn              (no ring)

@: no status effects
A: powered by death 1, rot immunity
a: no special abilities


You were on level 2 of the Dungeon.
You were hungry.

You visited 1 branch of the dungeon, and saw 2 of its levels.

You collected 157 gold pieces.

Inventory:

Hand Weapons
 a - a +0 long sword (weapon)
Armour
 b - a +0 scale mail (worn)
 c - a +0 medium shield (worn)
 o - a +0 ring mail
Scrolls
 i - a scroll of teleportation
Potions
 d - a potion of might
 f - a potion of ambrosia
 g - a potion of curing {unknown}
 h - a potion of heal wounds
 m - a potion of resistance {unknown}
Comestibles
 e - 4 rations {!d}
 k - 2 chunks of flesh


   Skills:
 + Level 3.6 Fighting
 + Level 2.4 Long Blades
 + Level 3.3 Armour
 + Level 3.3 Shields


You had 3 spell levels left.
You didn't know any spells.
Your spell library was empty.

Dungeon Overview and Level Annotations

Branches:
Dungeon (2/12)

Altars:


Innate Abilities, Weirdness & Mutations

You regenerate a little health from kills.
You are immune to rotting.


Message History

Your shield prevents you from hitting the worm.
The worm is lightly wounded.
You block the worm's attack.
You slash the worm!
The worm is heavily wounded.
You block the worm's attack. The worm bites you.
You hit the worm.
The worm is severely wounded.
The worm bites you. x2
You slash the worm!
You kill the worm!
The worm bites you!
* * * LOW HITPOINT WARNING * * *
Items here: ! ( )) [ ††† You barely miss the worm.
The worm bites you!
* * * LOW HITPOINT WARNING * * *
You slash the worm!
The worm is moderately wounded.
The worm bites you.
You die...

....... #........... ...
...!...####........... #.#
.......!..............##.##
..<.......................
.....>..###.....#####..#..
.........................# .
......).........###.....†##..
................#...#........
...!..######@##.<.#####..#.##
.....# #.w#.### ##...# ...$#
##...# ###....# ....
.####..######...#...# ..#
...........[)..###.... ..
..#.##.....###.†.####.
.#....###.###.....###
...........#......... .
.....####...........#


You could see a worm.

Vanquished Creatures
  Jessica (D:2)
  An adder (D:2)
  A worm (D:2)
  4 leopard geckos
  2 giant cockroaches
  2 hobgoblins (D:1)
  5 jackals
  6 kobolds
  2 ball pythons
  7 bats
  6 goblins
  3 rats
40 creatures vanquished.

Notes
Turn   | Place    | Note
-------+----------+-------------------------------------------
     0 | D:1      | DogServant the Demonspawn Fighter began the quest for the
                  | Orb.
     0 | D:1      | Reached XP level 1. HP: 18/18 MP: 1/1
   209 | D:1      | Gained mutation: You regenerate a little health from kills.
                  | [demonic ancestry]
   209 | D:1      | Reached XP level 2. HP: 21/24 MP: 2/2
   760 | D:2      | Reached XP level 3. HP: 28/29 MP: 3/3
   924 | D:2      | Noticed Jessica
   943 | D:2      | Killed Jessica
   943 | D:2      | Gained mutation: You are immune to rotting. [demonic
                  | ancestry]
   943 | D:2      | Reached XP level 4. HP: 25/36 MP: 4/4
   962 | D:2      | Slain by a worm

Skill      XL: |  1  2 |
---------------+-------+-----
Long Blades    | 2 |  2.4
Shields        | 3 |  3.3
Armour         | 3 |  3.3
Fighting       | |  3.6

Action                   |  1- 3 |  4- 6 || total
-------------------------+-------+-------++-------
Melee: Long sword        |   126 |    18 ||   144
  Use: Scroll            |     6 |       ||     6
  Eat: Chunk             |     4 |       ||     4
Armor: Scale mail        |    85 |     3 ||    88
       Ring mail         |     8 |       ||     8
Dodge: Dodged            |    22 |     1 ||    23
Block: Medium shield     |    77 |     9 ||    86
